 Dungeon Crawl Stone Soup version 0.25.0-1-g7eea58d (webtiles) character file.

Game seed: 9183600369705650536

93 Buxparty the Firebug (level 4, -7/30 HPs)
             Began as a Demonspawn Fire Elementalist on June 28, 2020.
             Killed from afar by an orc wizard (9 damage)
             ... with a puff of frost
             ... on level 3 of the Dungeon.
             The game lasted 00:08:14 (3297 turns).

Buxparty the Firebug (Demonspawn Fire Elementalist) Turns: 3297, Time: 00:08:14

Health: -7/30      AC:  6    Str:  8    XL:     4   Next: 36%
Magic:  3/8        EV: 13    Int: 17    God:
Gold:   120        SH:  0    Dex: 14    Spells: 7/8 levels left

rFire    . . .     SeeInvis .   (no weapon)
rCold    . . .     Gourm    .   (no shield)
rNeg     . . .     Faith    .   a - +0 robe
rPois    .         Spirit   .   (no helmet)
rElec    .         Reflect  .   (no cloak)
rCorr    .         Harm     .   (no gloves)
MR       .....                  i - +2 pair of boots
Stlth    ++........             (no amulet)
HPRegen  0.10/turn              (no ring)
MPRegen  0.11/turn              (no ring)

@: very slightly contaminated
A: rugged brown scales 1, powered by pain 2
a: no special abilities


You were on level 3 of the Dungeon.
You were not hungry.

You visited 1 branch of the dungeon, and saw 3 of its levels.

You collected 120 gold pieces.

Inventory:

Armour
 a - a +0 robe (worn)
 i - a +2 pair of boots (worn)
Scrolls
 b - 3 scrolls of amnesia {unknown}
 d - 3 scrolls of identify {unknown}
 e - 4 scrolls of blinking {unknown}
 f - 2 scrolls of enchant armour {unknown}
 l - 4 scrolls of remove curse {unknown}
 m - a scroll of fear {unknown}
 n - a scroll of enchant weapon {unknown}
 p - a scroll of teleportation {unknown}
Potions
 g - a potion of degeneration {unknown}
 h - a potion of heal wounds {unknown}
 j - 3 potions of lignification {unknown}
 k - a potion of curing {unknown}
 q - a potion of ambrosia {unknown}
 r - a potion of stabbing {unknown}
Comestibles
 c - 2 rations
 o - 5 chunks of flesh


   Skills:
 - Level 0.2 Fighting
 + Level 2.4 Dodging
 - Level 1.7 Stealth
 + Level 2.8 Spellcasting
 + Level 1.9 Conjurations
 + Level 3.4 Fire Magic


You had 7 spell levels left.
You knew the following spells:

 Your Spells              Type           Power        Failure   Level  Hunger
a - Foxfire               Conj/Fire      ##..         6%          1    #......

Your spell library contained the following spells:

 Spells                   Type           Power        Failure   Level  Hunger
 Conjure Flame            Conj/Fire      ##......     17%         3    ###....
 Inner Flame              Hex/Fire       #.......     26%         3    ###....
 Sticky Flame             Conj/Fire      ##......     50%         4    #####..
 Fireball                 Conj/Fire      ##........   85%         5    ######.


Dungeon Overview and Level Annotations

Branches:
Dungeon (3/15)

Altars:
Ashenzari


Innate Abilities, Weirdness & Mutations

You are partially covered in rugged brown scales. (AC +1, +3% HP)
You sometimes gain power by taking damage.


Message History

The puff of frost hits you.
Some of the chunks of flesh in your inventory have rotted away.
Something hits you.
You hear some strange, mumbled words.
A puff of frost appears from out of thin air!
The puff of frost hits you.
A magic dart appears from out of thin air!
The magic dart hits you!
* * * LOW HITPOINT WARNING * * *
You hear some strange, mumbled words.
A magic dart appears from out of thin air!
The magic dart hits you but does no damage.
A puff of frost appears from out of thin air!
The puff of frost hits you!
* * * LOW HITPOINT WARNING * * *
A puff of frost appears from out of thin air!
The puff of frost misses you.
A puff of frost appears from out of thin air!
The puff of frost hits you!
You die...

......##.######
#......# ......
#......#
######># ##....
######.# #.#
...### ######.#
#.# ##.
#......# #.# .
#.####..# #.# #
#..#########.#
#..##........#
#..##@########
#{.##.#
#..##.########
#...{#........
##.#.#.########
..######.###..#
..<.....## ##.#
########.###.##
.........#.##


There were no monsters in sight!

Vanquished Creatures
  3 adders
  An ooze (D:1)
  A worm (D:2)
  2 dart slugs (D:3)
  2 leopard geckos (D:1)
  4 orcs (D:3)
  3 bats
  2 giant cockroaches
  5 goblins
  5 hobgoblins
  4 kobolds
  4 quokkas
  A ball python (D:1)
  4 frilled lizards
  7 rats
48 creatures vanquished.

Vanquished Creatures (others)
  150 foxfires
150 creatures vanquished.

Grand Total: 198 creatures vanquished

Notes
Turn   | Place    | Note
-------+----------+-------------------------------------------
     0 | D:1      | Buxparty the Demonspawn Fire Elementalist began the quest
                  | for the Orb.
     0 | D:1      | Reached XP level 1. HP: 13/13 MP: 3/3
   430 | D:1      | Reached skill level 3 in Fire Magic
   445 | D:1      | Gained mutation: You are partially covered in rugged brown
                  | scales. (AC +1, +3% HP) [demonic ancestry]
   445 | D:1      | Reached XP level 2. HP: 11/19 MP: 1/5
  1529 | D:2      | Gained mutation: You sometimes gain a little power by
                  | taking damage. [demonic ancestry]
  1529 | D:2      | Reached XP level 3. HP: 22/24 MP: 2/6
  2550 | D:3      | Gained mutation: You sometimes gain power by taking damage.
                  | [demonic ancestry]
  2550 | D:3      | Reached XP level 4. HP: 24/30 MP: 1/8
  3241 | D:3      | Found a shattered altar of Ashenzari.
  3297 | D:3      | Killed from afar by an orc wizard

Illustrated notes

Levels and vault maps discovered:
D:1:      lemuel_arrival_funnel, layout_loops_ring,
          chequers_serial_rivers_room_b
D:2:      layout_basic, first_ration, small_statue_intersection,
          corexii_hall_statues_s
D:3:      layout_loops_ring, nicolae_overflow_crystal_walls

Skill      XL: |  1  2 |
---------------+-------+-----
Fire Magic     | 3 |  3.4
Dodging        | 2 |  2.4
Fighting       | |  0.2
Stealth        | |  1.7
Spellcasting   | |  2.8
Conjurations   | |  1.9

Action                   |  1- 3 |  4- 6 || total
-------------------------+-------+-------++-------
Melee: Unarmed           |       |     1 ||     1
 Cast: Foxfire           |    61 |    28 ||    89
  Eat: Chunk             |     5 |     3 ||     8
Armor: Robe              |    12 |     4 ||    16
Dodge: Dodged            |    16 |    15 ||    31
